 Dungeon Crawl Stone Soup version 0.20-a0-277-g7db01f4 (webtiles) character file.

307150 griffion the Brawler (level 21, -6/204 HPs)
             Began as a Naga Monk on Dec 1, 2016.
             Was the Champion of Cheibriados.
             Killed from afar by a Hell Sentinel (22 damage)
             ... with damnation
             ... summoned by a deep elf demonologist
             ... on level 3 of the Elven Halls on Dec 12, 2016.
             The game lasted 09:27:41 (45343 turns).

griffion the Brawler (Naga Monk)                   Turns: 45343, Time: 09:27:42

Health: -6/204     AC: 42    Str: 39    XL:     21   Next: 18%
Magic:  25/46      EV: 16    Int: 38    God:    Cheibriados [******]
Gold:   1414       SH:  4    Dex: 33    Spells: 35/42 levels left

rFire  + + .     SeeInvis +       - Unarmed
rCold  + + +     Gourm    .     Y - +10 plate armour {ponderous}
rNeg   . . .     Faith    .     (shield currently unavailable)
rPois  +         Spirit   .     V - +3 hat of Pondering {ponderous, MR+ MP+10 Int+5}
rElec  .         Reflect  +     W - +1 cloak
rCorr  .         Harm     .     (gloves currently unavailable)
MR     +++..                    f - +2 naga barding {Fly}
Stlth  ..........               b - amulet "Ighaal Tigi" {Reflect rC+ Str+3 SH+4}
                                A - ring of the King {rPois rF++ Dex+2 Stlth-}
                                p - ring "Licaibb" {+Fly rC++ Dex+2 Slay+3 Stlth+}

@: mighty, blade hands (expiring), flying, studying Dodging, very slow
A: see invisible, deformed body, poison resistance, slowness 2, slow metabolism
1, spit poison 1, wild magic 1, constrict 1, AC +7
}: 2/15 runes: barnacled, gossamer
a: Spit Poison, End Transformation, Bend Time, Temporal Distortion, Slouch, Step
From Time, Renounce Religion, Stop Flying


You were on level 3 of the Elven Halls.
You worshipped Cheibriados.
Cheibriados was exalted by your worship.
You were hungry.
You had blades for hands.
You visited 7 branches of the dungeon, and saw 35 of its levels.
You visited 1 bazaar.
You also visited: Labyrinth, Bailey and Ice Cave.

You collected 3874 gold pieces.
You spent 2460 gold pieces at shops.

Inventory:

Hand Weapons
 D - a +3 blowgun
Missiles
 j - 2 curare-tipped needles
Armour
 f - a +2 naga barding of flying (worn)
 O - a +0 shield (melded)
 V - the +3 hat of Pondering (worn) {ponderous, MR+ MP+10 Int+5}
   (You took it off Gastronok on level 11 of the Dungeon)

   It affects your intelligence (+5).
   It affects your resistance to hostile enchantments.
   It affects your magic capacity (+10).
 W - a +1 cloak (worn)
 Y - a +10 plate armour of ponderousness (worn)
Jewellery
 b - the amulet "Ighaal Tigi" (around neck) {Reflect rC+ Str+3 SH+4}
   (You bought it in a shop in a bazaar)

   [amulet of reflection]

   It shields you and reflects attacks.
   It affects your strength (+3).
   It protects you from cold.
   It affects your SH (+4).
 p - the ring "Licaibb" (left scythe-like blade) {+Fly rC++ Dex+2 Slay+3 Stlth+}
   (You found it on level 1 of the Spider Nest)

   [ring of stealth]

   It affects your dexterity (+2).
   It affects your accuracy and damage with ranged weapons and melee attacks
   (+3).
   It greatly protects you from cold.
   It lets you fly.
   It makes you more stealthy.
 y - an uncursed ring of protection from fire
 A - the ring of the King (right scythe-like blade) {rPois rF++ Dex+2 Stlth-}
   (You found it on level 3 of the Elven Halls)

   [ring of loudness]

   It affects your dexterity (+2).
   It greatly protects you from fire.
   It protects you from poison.
   It makes you less stealthy.
 F - a +5 ring of dexterity
Wands
 t - a wand of disintegration (8/24)
 B - a wand of teleportation (5/9)
 G - a wand of digging (2/24)
Scrolls
 c - 5 scrolls of recharging
 h - 17 scrolls of remove curse
 k - 2 scrolls of brand weapon
 l - a scroll of enchant armour
 o - 2 scrolls of amnesia
 q - a scroll of blinking
 r - 5 scrolls of teleportation
 u - 4 scrolls of magic mapping
 v - 2 scrolls of fear
 w - 4 scrolls of summoning
 C - 6 scrolls of enchant weapon
 H - 4 scrolls of fog
 Q - 2 scrolls of silence
 X - a scroll of holy word
Potions
 i - 5 potions of brilliance
 m - a potion of cancellation
 s - 5 potions of agility
 L - 3 potions of cure mutation
 M - 5 potions of magic
 N - 16 potions of curing
 P - 4 potions of might
 U - a potion of invisibility
 Z - 4 potions of resistance
Books
 d - a manual of Dodging
 I - a book of Changes

   Spells                             Type                      Level
   a - Beastly Appendage              Transmutation                1
   b - Sticks to Snakes               Transmutation                2
   c - Spider Form                    Transmutation/Poison         3
   d - Ice Form                       Ice/Transmutation            4
   e - Blade Hands                    Transmutation                5
 S - a book of Geomancy

   Spells                             Type                      Level
   a - Sandblast                      Earth                        1
   b - Passwall                       Transmutation/Earth          2
   c - Stone Arrow                    Conjuration/Earth            3
   d - Petrify                        Transmutation/Earth          4
   e - Lee's Rapid Deconstruction     Earth                        5
Comestibles
 a - 30 fruits
 g - 11 meat rations
 x - 11 bread rations
 z - a royal jelly
 E - 3 slices of pizza
 J - 2 chunks of flesh


   Skills:
 + Level 15.7 Fighting
 - Level 13.8 Armour
 + Level 11.2 Dodging
 - Level 3.0 Stealth
 - Level 7.0 Shields
 * Level 19.2 Unarmed Combat
 - Level 11.0 Spellcasting
 + Level 7.9 Transmutations
 - Level 15.0 Invocations


You had 35 spell levels left.
You knew the following spells:

 Your Spells              Type           Power        Failure   Level  Hunger
a - Passwall              Tmut/Erth      ######....   28%         2    None
b - Blade Hands           Tmut           #######...   54%         5    None


Dungeon Overview and Level Annotations

Branches:
Dungeon (15/15)            Temple (1/1) D:6            Lair (6/6) D:11
 Shoals (4/4) Lair:4       Spider (4/4) Lair:4        Slime (0/5) Lair:6
    Orc (2/2) D:10            Elf (3/3) Orc:2        Vaults (0/5) D:14
 Depths (0/5) D:15

Altars:
Ashenzari
Cheibriados
Fedhas
Hepliaklqana
Makhleb
Okawaru
Qazlal
Sif Muna
Trog
Vehumet
Xom
Yredelemnul
Zin
The Shining One
Jiyva

Shops:
D:4 %   D:5 =   D:6 ?   D:7 %   D:12 %   D:13 [   D:15 *   Orc:2 }[*%
Elf:2 ?[   Shoals:1 !

Portals:
Trove: D:12 (give +4 storm dragon scales)

Annotations:
D:14 exclusions: ice statue and orange crystal statue
Lair:4 exclusion: oklob plant
Lair:6 1 runed door, exclusion: 2 oklob plants


Innate Abilities, Weirdness & Mutations

You cannot wear boots.
Your serpentine skin is tough. (AC +7)
You have supernaturally acute eyesight. (SInv)
Armour fits poorly on your strangely shaped body.
Your system is resistant to poisons. (rPois)
You cover ground very slowly.
You have a slow metabolism.
You can spit poison.
You can use your snake-like lower body to constrict enemies.
Your spells are a little harder to cast, but a little more powerful.


Message History

You kill the hellwing!
You kill the deep elf death mage!
Cheibriados thoroughly appreciates the change of pace.
You kill the deep elf annihilator!
Cheibriados appreciates the change of pace.
You feel somewhat more hungry. The Hell Sentinel hits you.
* * * LOW HITPOINT WARNING * * *
The Hell Sentinel barely misses you.
The deep elf demonologist casts a spell.
You can feel time thicken for a moment.
You kill the cacodemon!
You kill the deep elf demonologist!
Cheibriados thoroughly appreciates the change of pace.
You kill the deep elf demonologist!
Cheibriados thoroughly appreciates the change of pace.
The shadow demon disappears in a puff of smoke!
You feel somewhat more hungry.
The deep elf annihilator gestures wildly while chanting.
The deep elf annihilator blinks!
The Hell Sentinel gestures at you.
The sphere of damnation explodes!
The damnation engulfs you!
You die...

## E..§... .#
....) .## ...))
..# ))§ ..# e§)
..# #e# .## #1#
.# #@# ## #.# #.#
## #.# .# ###
##.# .##
###.####..# ..#
###.....##.##
..## #..........#
...#
#.........#######


You could see a Hell Sentinel, a deep elf annihilator, a deep elf high priest
and a water elemental.

Vanquished Creatures
  Jorgrun (Spider:2)
  Rupert (Lair:6)
  An Ice Fiend (IceCv)
  2 deep elf blademasters (Elf:3)
  A deep elf master archer (Elf:3)
  Gastronok (D:11)
  Polyphemus (Shoals:2)
  3 krakens
  Frances (Spider:2)
  Agnes (Elf:2)
  A frost giant (D:10)
  3 deep elf sorcerers
  Ilsuiw (Shoals:4)
  2 orc warlords
  7 ghost moths
  4 emperor scorpions
  2 deep elf elementalists
  2 entropy weavers
  2 spark wasps (Spider:4)
  A dire elephant (Lair:6)
  Nessos (D:12)
  3 deep elf demonologists
  3 deep elf annihilators (Elf:3)
  The ghost of gressup the Grappler, a journeyman TrFi of Trog (Lair:2)
  Azrael (Spider:1)
  An ettin (D:15)
  3 merfolk javelineers
  A minotaur (Lab)
  3 deep elf death magi (Elf:3)
  Josephine (Lair:4)
  5 vault guards (D:14)
  8 merfolk impalers
  2 ogre magi (D:14)
  3 deep elf high priests
  7 hydras
  4 merfolk avatars
  2 alligator snapping turtles
  3 satyrs (Shoals:4)
  2 catoblepae
  Erica (D:8)
  3 merfolk aquamancers
  26 dancing weapons
  A tengu warrior (D:15)
  A deep troll shaman (Lair:6)
  6 orc high priests
  12 death yaks
  Urug (D:12)
  17 deep elf knights
  4 small abominations
  A large abomination (Elf:1)
  Nergalle (D:12)
  3 unseen horrors
  12 sea snakes
  A wizard (D:15)
  4 deep elf archers
  10 hill giants
  A wolf spider zombie (D:10)
  37 wolf spiders
  25 orb spiders
  17 harpies
  16 orc knights
  43 deep elf magi
  Maurice (D:13)
  12 ugly things
  23 fauns
  7 orc sorcerers
  11 manticores
  2 moths of wrath
  6 cyclopes
  20 elephants
  7 merfolk sirens
  A guardian serpent (D:13)
  Psyche (D:8)
  7 water nymphs
  An ice statue (IceCv)
  A water nymph (shapeshifter) (Elf:2)
  5 black mambas
  9 spiny frogs
  A gargoyle (D:11)
  6 torpor snails
  A kobold demonologist (D:12)
  A yaktaur (shapeshifter) (D:14)
  5 rime drakes
  18 demonic crawlers
  2 anaconda simulacra (IceCv)
  4 freezing wraiths (IceCv)
  12 komodo dragons
  6 ice devils (IceCv)
  3 tengu conjurers
  8 blink frogs
  9 trolls
  37 jumping spiders
  6 hornets
  29 merfolk
  A two-headed ogre (D:9)
  5 wind drakes
  Prince Ribbit (D:7)
  6 polar bears
  11 dream sheep
  14 hippogriffs
  14 snapping turtles
  Sigmund (D:2)
  2 air elementals
  93 redbacks
  34 tarantellas
  4 dire elephant simulacra (IceCv)
  A spriggan (D:12)
  17 water elementals
  8 wraiths
  45 yaks
  4 wyverns
  The ghost of GlassEater the Chopper, an amateur HOMo (D:3)
  2 shadows
  A basilisk (Lair:6)
  A human (D:14)
  Grum (D:8)
  A hungry ghost (D:14)
  7 fire elementals
  2 steam dragons
  3 vampire mosquitoes (D:14)
  3 iron troll simulacra (IceCv)
  9 wargs
  3 harpy simulacra (IceCv)
  17 water moccasins
  6 hydra simulacra (IceCv)
  2 hell hounds (Spider:1)
  Duvessa (D:7)
  44 orc warriors
  10 porcupines
  An ettin simulacrum (IceCv)
  5 sky beasts
  5 ice beasts
  2 phantoms
  3 black bears
  An eye of draining (D:12)
  18 ogres
  10 centaurs
  An alligator simulacrum (IceCv)
  A tengu (shapeshifter) (D:15)
  11 crocodiles
  16 wolves
  6 big kobolds
  Blork the orc (D:6)
  2 wyvern zombies (D:13)
  3 gnoll sergeants (D:10)
  16 bullfrogs
  A water moccasin zombie (D:11)
  3 earth elementals
  Dowan (D:7)
  A wyvern skeleton (D:8)
  2 scorpions
  An elephant simulacrum (IceCv)
  18 killer bees
  20 wights
  10 electric eels
  2 howler monkeys
  6 crimson imps
  2 bullfrog zombies
  5 centaur zombies
  2 quasits
  24 orc priests
  2 bullfrog skeletons
  5 hounds
  4 jellies
  2 draconian simulacra (IceCv)
  43 orc wizards
  3 centaur skeletons
  Jessica (D:3)
  3 iguanas
  18 worker ants
  Natasha (thrice) (D:2)
  2 spriggan simulacra (IceCv)
  2 troll simulacra (IceCv)
  3 centaur simulacra (IceCv)
  A hound zombie (D:5)
  A hound skeleton (D:8)
  A killer bee simulacrum (D:8)
  2 worker ant zombies
  Robin (D:3)
  33 gnolls
  13 adders
  A naga simulacrum (IceCv)
  4 ogre simulacra (IceCv)
  6 shadow imps
  6 white imps (IceCv)
  8 ufetubi
  4 oozes
  5 adder skeletons
  An adder zombie (D:5)
  3 worms
  2 dart slugs (D:1)
  6 leopard geckos
  125 orcs
  A ball python (D:6)
  11 giant cockroaches
  25 goblins
  18 hobgoblins
  15 jackals
  38 kobolds
  3 quokkas
  2 ball python skeletons (D:3)
  8 bats
  7 frilled lizards
  A jackal skeleton (D:3)
  A jackal zombie (D:8)
  A leopard gecko skeleton (D:3)
  2 leopard gecko zombies
  A quokka simulacrum (D:8)
  6 rats
  A crawling corpse (Elf:1)
  A fungus (Elf:1)
  7 plants
  6 tentacles (Shoals:4)
1641 creatures vanquished.

Vanquished Creatures (others)
  2 merfolk javelineers (Shoals:4)
  A hydra (D:12)
  2 centaur warriors
  4 satyrs
  A deep elf archer (Elf:2)
  2 deep elf magi
  5 fauns (Shoals:4)
  A human (D:14)
  An orc warrior (Orc:2)
  3 centaurs
  A worker ant (D:12)
  An orc (Orc:2)
  A jackal (D:8)
  4 fungi
  90 plants
  21 tentacles
140 creatures vanquished.

Grand Total: 1781 creatures vanquished

Notes
Turn   | Place    | Note
-------+----------+-------------------------------------------
     0 | D:1      | griffion the Naga Monk began the quest for the Orb.
     0 | D:1      | Reached XP level 1. HP: 21/21 MP: 1/1
   309 | D:1      | Reached XP level 2. HP: 10/28 MP: 2/2
   709 | D:1      | Reached skill level 4 in Unarmed Combat
   735 | D:1      | Reached XP level 3. HP: 34/34 MP: 3/3
  1363 | D:2      | Reached XP level 4. HP: 13/42 MP: 4/4
  1373 | D:2      | Noticed Natasha
  1579 | D:2      | Killed Natasha
  1579 | D:2      | Reached skill level 5 in Unarmed Combat
  1609 | D:2      | Noticed Natasha
  1715 | D:2      | Killed Natasha
  1715 | D:2      | Reached XP level 5. HP: 37/49 MP: 5/5
  1842 | D:2      | Noticed Natasha
  1857 | D:2      | Killed Natasha
  2098 | D:2      | Noticed Sigmund
  2253 | D:3      | Reached skill level 6 in Unarmed Combat
  2506 | D:3      | Noticed GlassEater's ghost (amateur HOMo)
  2559 | D:3      | Noticed Jessica
  2567 | D:3      | Killed Jessica
  2567 | D:3      | Reached XP level 6. HP: 55/56 MP: 6/6
  2620 | D:3      | Noticed Robin
  2632 | D:3      | Reached skill level 5 in Shields
  2632 | D:3      | Reached skill level 9 in Unarmed Combat
  2632 | D:3      | Reached XP level 7. HP: 16/62 MP: 7/7
  2633 | D:3      | Killed Robin
  3000 | D:3      | Reached skill level 10 in Unarmed Combat
  3090 | D:3      | Killed GlassEater's ghost
  3386 | D:2      | Killed Sigmund
  3386 | D:2      | Reached XP level 8. HP: 44/69 MP: 8/8
  3659 | D:4      | Found a deep blue altar of Sif Muna.
  3755 | D:4      | Found Jefil's Food Boutique.
  4077 | D:5      | Entered Level 5 of the Dungeon
  4870 | D:5      | Found Dedin's Jewellery Emporium.
  5179 | D:5      | Reached skill level 11 in Unarmed Combat
  5401 | D:5      | Upgraded the game from 0.20-a0-256-gabb291d to 0.20-a0-259-gc929cd2
  5616 | D:6      | Noticed Blork the orc
  5623 | D:6      | Killed Blork the orc
  5623 | D:6      | Reached XP level 9. HP: 76/76 MP: 9/9
  5709 | D:6      | Found Muyvaps's Magic Scroll Shoppe.
  5719 | D:6      | Bought a scroll of fear for 38 gold pieces
  5719 | D:6      | Bought a scroll of random uselessness for 11 gold pieces
  5719 | D:6      | Bought a scroll of identify for 22 gold pieces
  6032 | D:6      | Found a staircase to the Ecumenical Temple.
  6139 | Temple   | Entered the Ecumenical Temple
  6160 | Temple   | Became a worshipper of Cheibriados the Contemplative
  6160 | Temple   | Reached * piety under Cheibriados
  6160 | Temple   | Reached ** piety under Cheibriados
  6631 | D:7      | Reached *** piety under Cheibriados
  6644 | D:7      | Noticed Duvessa
  6657 | D:7      | Killed Duvessa
  6941 | D:7      | Reached skill level 12 in Unarmed Combat
  7041 | D:7      | Noticed Dowan
  7051 | D:7      | Killed Dowan
  7051 | D:7      | Reached XP level 10. HP: 78/87 MP: 10/10
  7070 | D:7      | Noticed Prince Ribbit
  7085 | D:7      | Killed Prince Ribbit
  7147 | D:7      | Reached skill level 5 in Fighting
  7171 | D:7      | Found Duju Fojyss's Food Shop.
  7370 | D:7      | Reached **** piety under Cheibriados
  7452 | D:8      | Noticed Psyche
  7457 | D:8      | Paralysed by Psyche for 3 turns
  7467 | D:8      | Killed Psyche
  8141 | D:8      | Gained mutation: Your spells are a little harder to cast, but a little more powerful. [potion of beneficial mutation]
  8737 | D:8      | Noticed Erica
  8739 | D:8      | Noticed Grum
  8759 | D:8      | Killed Erica
  8763 | D:8      | HP: 1/91 [ice beast (12)]
  8765 | D:8      | Killed Grum
  9177 | D:8      | Reached skill level 13 in Unarmed Combat
  9740 | D:8      | Reached skill level 1 in Invocations
 10110 | D:9      | Reached XP level 11. HP: 64/98 MP: 10/12
 10446 | D:9      | Noticed a hill giant
 10454 | D:9      | Killed a hill giant
 10637 | D:9      | Reached ***** piety under Cheibriados
 11053 | D:10     | Entered Level 10 of the Dungeon
 11053 | D:10     | Noticed a hill giant
 11059 | D:10     | Killed a hill giant
 11059 | D:10     | Reached skill level 5 in Invocations
 11111 | D:10     | Noticed a frost giant
 11152 | D:10     | Found a flagged portal.
 11162 | Bailey   | Entered a bailey
 11637 | D:10     | Noticed an unseen horror
 11651 | D:10     | Killed an unseen horror
 11769 | D:10     | Reached ****** piety under Cheibriados
 11785 | D:10     | Killed a frost giant
 11790 | D:10     | HP: 2/103 [troll (10)]
 11820 | D:10     | Reached XP level 12. HP: 34/111 MP: 7/18
 11987 | D:10     | Got the battleaxe "Xeckea" {freeze}
 12224 | D:10     | Found a staircase to the Orcish Mines.
 12715 | D:11     | Upgraded the game from 0.20-a0-259-gc929cd2 to 0.20-a0-266-gdedccd6
 12858 | D:11     | Reached skill level 1 in Armour
 13097 | D:11     | Noticed Gastronok
 13125 | D:11     | Killed Gastronok
 13141 | D:11     | Found an iron altar of Okawaru.
 13383 | D:11     | Found a staircase to the Lair.
 14117 | Lair:1   | Entered Level 1 of the Lair of Beasts
 15033 | Lair:2   | Noticed gressup's ghost (journeyman TrFi)
 15063 | Lair:2   | Killed gressup's ghost
 15063 | Lair:2   | Reached skill level 5 in Armour
 15063 | Lair:2   | Gained mutation: You can use your snake-like lower body to constrict enemies. [Naga growth]
 15063 | Lair:2   | Reached XP level 13. HP: 14/121 MP: 19/19
 15862 | Lair:2   | Upgraded the game from 0.20-a0-266-gdedccd6 to 0.20-a0-268-gb6bde61
 16976 | Lair:3   | Identified 3 scrolls of acquirement
 17039 | Lair:3   | Learned a level 2 spell: Passwall
 17410 | Lair:3   | Learned a level 5 spell: Blade Hands
 17980 | Lair:4   | Reached skill level 14 in Unarmed Combat
 18119 | Lair:4   | Found a staircase to the Shoals.
 18323 | Lair:4   | Found a hole to the Spider Nest.
 18339 | Lair:4   | Noticed Josephine
 18345 | Lair:4   | Killed Josephine
 18470 | Lair:4   | Found a glowing silver altar of Zin.
 18589 | Lair:4   | Reached skill level 1 in Transmutations
 18755 | Lair:4   | Reached XP level 14. HP: 129/129 MP: 20/20
 19167 | Lair:4   | Reached skill level 1 in Spellcasting
 20005 | Lair:5   | Reached skill level 5 in Transmutations
 20747 | Orc:1    | Entered Level 1 of the Orcish Mines
 21312 | Orc:2    | Entered Level 2 of the Orcish Mines
 21327 | Orc:2    | Reached skill level 10 in Fighting
 21743 | Orc:2    | Found a staircase to the Elven Halls.
 21744 | Orc:2    | Found a gateway to a bazaar.
 21753 | Orc:2    | Noticed an orc warlord
 21765 | Orc:2    | Killed an orc warlord
 21815 | Bazaar   | Entered a bazaar
 21815 | Bazaar   | Found Xikk's Book Boutique.
 21815 | Bazaar   | Found Douruost's Jewellery Boutique.
 21899 | Bazaar   | Bought the amulet "Ighaal Tigi" {Reflect rC+ Str+3 SH+4} for 362 gold pieces
 21909 | Bazaar   | Found Ninneur's Distillery.
 21917 | Bazaar   | Bought a potion of curing for 30 gold pieces
 21917 | Bazaar   | Bought a potion of flight for 30 gold pieces
 21917 | Bazaar   | Bought a potion of magic for 80 gold pieces
 21917 | Bazaar   | Bought 2 potions of heal wounds for 100 gold pieces
 21959 | Bazaar   | Found Morhugec's Armour Shoppe.
 21967 | Bazaar   | Bought the +8 ring mail "Kaseoda" {rCorr} for 622 gold pieces
 22350 | Orc:2    | Reached XP level 15. HP: 99/139 MP: 20/22
 22369 | Orc:2    | Reached skill level 5 in Spellcasting
 22382 | Orc:2    | Reached skill level 15 in Unarmed Combat
 22594 | Orc:2    | Found Vuasm's Armour Shoppe.
 22594 | Orc:2    | Found Jesuut's Gadget Shoppe.
 22595 | Orc:2    | Found Wusurch's General Store.
 22602 | Orc:2    | Found Xumpasev's Food Shop.
 22615 | Orc:2    | Bought a scroll of recharging for 161 gold pieces
 22615 | Orc:2    | Bought a scroll of noise for 17 gold pieces
 22615 | Orc:2    | Bought a scroll of identify for 34 gold pieces
 23319 | Lair:6   | Entered Level 6 of the Lair of Beasts
 23482 | Lair:6   | Found a bloodstained altar of Trog.
 23568 | Lair:6   | Noticed Rupert
 23594 | Lair:6   | Killed Rupert
 23911 | Lair:6   | Found a runed door.
 23912 | Lair:6   | Found a viscous altar of Jiyva.
 23914 | Lair:6   | Found a staircase to the Slime Pits.
 24845 | D:12     | Noticed Nergalle
 24859 | D:12     | Killed Nergalle
 24887 | D:12     | Found Midiad's Food Shoppe.
 24893 | D:12     | Noticed Nessos
 24898 | D:12     | Killed Nessos
 24901 | D:12     | Noticed Urug
 24914 | D:12     | Killed Urug
 24940 | D:12     | Found a portal to a secret trove of treasure.
 24993 | D:12     | Found a labyrinth entrance.
 25000 | Lab      | Entered a labyrinth
 26365 | D:13     | Noticed Maurice
 26378 | D:13     | Killed Maurice
 26467 | D:13     | Reached XP level 16. HP: 150/150 MP: 28/28
 26711 | D:13     | Identified the Disquisition on Evil
 26945 | D:13     | Found Ceneix's Antique Armour Shop.
 26953 | D:13     | Bought a shiny helmet for 241 gold pieces
 26953 | D:13     | Bought a faintly glowing robe for 131 gold pieces
 26983 | D:13     | Identified the +1 robe of Aptin {Str+2} (You bought it in a shop on level 13 of the Dungeon)
 27404 | D:14     | Found a stormy altar of Qazlal.
 27523 | D:14     | Found a gate to the Vaults.
 28310 | D:15     | Entered Level 15 of the Dungeon
 28457 | D:15     | Found a staircase to the Depths.
 28687 | D:15     | Found Hoxyt's General Store.
 28699 | D:15     | Bought a potion of curing for 33 gold pieces
 28699 | D:15     | Bought a scroll of identify for 22 gold pieces
 28699 | D:15     | Bought a potion of resistance for 110 gold pieces
 29141 | Spider:1 | Entered Level 1 of the Spider Nest
 29155 | Spider:1 | Reached skill level 10 in Spellcasting
 29256 | Spider:1 | Found a frozen archway.
 29311 | IceCv    | Entered an ice cave
 29537 | IceCv    | Reached skill level 16 in Unarmed Combat
 30246 | IceCv    | Noticed an Ice Fiend
 30257 | IceCv    | Killed an Ice Fiend
 30658 | Spider:1 | Reached XP level 17. HP: 151/159 MP: 9/31
 30701 | Spider:1 | Noticed Azrael
 30715 | Spider:1 | Killed Azrael
 31511 | Spider:1 | Got a translucent golden ring
 31513 | Spider:1 | Identified the ring "Licaibb" {+Fly rC++ Dex+2 Slay+3 Stlth+} (You found it on level 1 of the Spider Nest)
 31629 | Spider:1 | Reached skill level 10 in Armour
 31683 | Spider:2 | Noticed Jorgrun
 31702 | Spider:2 | Killed Jorgrun
 32059 | Spider:2 | Reached skill level 10 in Invocations
 32127 | Spider:2 | Noticed Frances
 32133 | Spider:2 | Killed Frances
 33821 | Spider:4 | Entered Level 4 of the Spider Nest
 34113 | Spider:4 | Reached XP level 18. HP: 171/171 MP: 0/33
 34432 | Spider:4 | Reached skill level 17 in Unarmed Combat
 35109 | Spider:4 | Got a gossamer rune of Zot
 35860 | Shoals:1 | Entered Level 1 of the Shoals
 36420 | Shoals:1 | Found Pyned Ybe's Distillery.
 36441 | Shoals:1 | Bought a potion of curing for 48 gold pieces
 36441 | Shoals:1 | Bought a potion of curing for 48 gold pieces
 36441 | Shoals:1 | Bought a potion of curing for 48 gold pieces
 36441 | Shoals:1 | Bought a potion of invisibility for 128 gold pieces
 36441 | Shoals:1 | Bought 2 potions of curing for 96 gold pieces
 36557 | Shoals:1 | Upgraded the game from 0.20-a0-268-gb6bde61 to 0.20-a0-269-g17f5411
 36611 | Shoals:2 | Noticed Polyphemus
 36625 | Shoals:2 | Killed Polyphemus
 37413 | Shoals:2 | Reached XP level 19. HP: 182/182 MP: 34/34
 39420 | Shoals:4 | Entered Level 4 of the Shoals
 39710 | Shoals:4 | Noticed Ilsuiw
 39724 | Shoals:4 | Killed Ilsuiw
 40538 | Shoals:4 | Reached skill level 15 in Invocations
 41005 | Shoals:4 | Reached skill level 18 in Unarmed Combat
 41398 | Shoals:4 | Got a barnacled rune of Zot
 41515 | Shoals:4 | Identified the Disquisition on Harmful Ignition
 41973 | Elf:1    | Entered Level 1 of the Elven Halls
 42018 | Elf:1    | Reached XP level 20. HP: 192/192 MP: 35/35
 42073 | Elf:1    | Found a deep blue altar of Sif Muna.
 42527 | Elf:1    | Upgraded the game from 0.20-a0-269-g17f5411 to 0.20-a0-270-g8e735b6
 42769 | Elf:1    | Reached skill level 15 in Fighting
 43088 | Elf:2    | Found a huge runed gate.
 43088 | Elf:2    | Found a huge runed gate.
 43088 | Elf:2    | Found a huge runed gate.
 43093 | Elf:2    | Found a huge runed gate.
 43095 | Elf:2    | Found a huge runed gate.
 43131 | Elf:2    | Found Erosy's Armour Shoppe.
 43135 | Elf:2    | Found Zyqasel's Magic Scroll Shop.
 43148 | Elf:2    | Bought a scroll of identify for 24 gold pieces
 43148 | Elf:2    | Bought a scroll of identify for 24 gold pieces
 43376 | Elf:2    | Upgraded the game from 0.20-a0-270-g8e735b6 to 0.20-a0-277-g7db01f4
 43731 | Elf:2    | Noticed Agnes
 43736 | Elf:2    | Killed Agnes
 43757 | Elf:2    | Reached skill level 10 in Dodging
 44506 | Elf:3    | Entered Level 3 of the Elven Halls
 44756 | Elf:3    | Found a radiant altar of Vehumet.
 44758 | Elf:3    | Got a coiled brass ring
 44759 | Elf:3    | Identified the ring of the King {rPois rF++ Dex+2 Stlth-} (You found it on level 3 of the Elven Halls)
 45210 | Elf:3    | Reached skill level 19 in Unarmed Combat
 45324 | Elf:3    | Reached XP level 21. HP: 112/202 MP: 36/36
 45343 | Elf:3    | Killed from afar by a Hell Sentinel

Vault maps used:
D:1:      sevenhm_arrival_forest_fort_small_5, minmay_hexomino_f4
D:2:      uniq_sigmund, uniq_natasha
D:3:      serial_undead, serial_undead_d, serial_undead_b, serial_undead_b,
          serial_undead_c, minmay_misc_feat_roman, uniq_robin, uniq_jessica
D:4:      serial_shops, shop_fountains, led_sif_pool
D:5:      serial_shops, shop_statue, first_bread
D:6:      serial_shops, shop_statue, uniq_blork_the_orc
D:7:      serial_shops, kennysheep_mini_moat, uniq_prince_ribbit1, uniq_duvessa,
          uniq_crazy_yiuf_cottage
D:8:      serial_ice, serial_ice_i, serial_ice_a, serial_ice_g, serial_ice_b,
          st_stairs_5, uniq_erica, uniq_psyche, uniq_grum
D:10:     minmay_coctagon, kennysheep_orc_monster_closet_entryway,
          enter_bailey_3
D:11:     lair_entry_dummy, basic_altar, serial_aquarium,
          aquarium_bridge_square, aquarium_window_corner, aquarium_window_3,
          aquarium_window_fake, aquarium_view_2c, aquarium_pool_corner,
          uniq_gastronok
D:12:     lab_entry_generic, nicolae_trove_entry_columns, the_bakery,
          kennysheep_small_circle, uniq_urug, uniq_nergalle, uniq_nessos
D:13:     serial_shops, nicolae_shop_overgrown_old_shop,
          nrook_guardian_serpent_double, uniq_maurice
D:14:     minmay_separated_statues, grunt_vaults_entry_fortified,
          grunt_ministairs_14, nicolae_qazlal_general_emergency
D:15:     hangedman_depths_entry_civil_slaughter, serial_shops,
          nicolae_shop_statue_plus, serial_bayou_lagoon_b
Temple:   compressed_dpeg_triangle_lava_temple
Lair:1:   lemuel_fruit_fields
Lair:2:   serial_bayou_ford_a
Lair:4:   minmay_guarded_unrand_snakebite, minmay_shoals_entry_centaurs,
          spider_nest_entry_web_field, minmay_lair_oklob_bushes,
          lemuel_centaur_altar, infiniplex_staircase_pool_2, uniq_josephine
Lair:5:   beast_lair_carwin_4, serial_bayou_shore_b, lemuel_fruit_fields
Lair:6:   grunt_lair_end_beastmaster, slime_altar_2, basic_altar,
          minmay_lair_oklob_chamber, infiniplex_staircase_pool,
          serial_bayou_shore_a, uniq_rupert
Shoals:1: serial_shops, shop
Shoals:2: uniq_polyphemus
Shoals:4: shoals_end_grunt_garden, shoal_ilsuiw
Spider:1: portal_ice_cave_entry_pillars_2, uniq_azrael
Spider:2: uniq_jorgrun, uniq_frances
Spider:4: spider_rune_water, guppyfry_spider_mini_3
Orc:2:    st_orc_elflike, serial_shops, bzr_entry_gold
Elf:1:    basic_altar, orc_legates, minivault_27
Elf:2:    serial_shops, nicolae_shop_behind_doors, nicolae_shop_statue_plus,
          nicolae_elf_big_sculpture_1, statue_in_the_mist_lemuel, uniq_agnes
Elf:3:    elf_hall, special_room, basic_altar, spider_trap
Lab:      nicolae_lab_diamond
Bazaar:   bazaar_jpeg_ribbon
Bailey:   bailey_axe_2, bailey
IceCv:    ice_cave_caverns_01

Skill      XL: |  1  2  3  4  5  6  7  8  9 10 11 12 13 14 15 16 17 18 19 20 21 |
---------------+----------------------------------------------------------------+-----
Unarmed Combat | 4 5 6 9 10 11 12 13 14 15 16 17 18 19 | 19.2
Dodging        | 6 7 9 10 11 | 11.2
Shields        | 5 7 |  7.0
Fighting       | 4 6 8 9 10 11 12 13 14 15 | 15.7
Invocations    | 1 8 9 11 13 15 | 15.0
Armour         | 5 7 8 9 11 12 13 | 13.8
Transmutations | 1 6 7 |  7.9
Spellcasting   | 4 8 10 11 | 11.0
Stealth        | |  3.0

Action                   |  1- 3 |  4- 6 |  7- 9 | 10-12 | 13-15 | 16-18 | 19-21 || total
-------------------------+-------+-------+-------+-------+-------+-------+-------++-------
Melee: Unarmed           |    93 |   124 |   450 |   772 |  1163 |  1328 |   841 ||  4771
       Constrict         |       |       |       |       |   218 |   271 |   205 ||   694
       Punch             |       |       |       |       |       |       |    10 ||    10
 Fire: Blowgun           |       |       |       |    15 |    28 |     4 |       ||    47
 Cast: Passwall          |       |       |       |       |       |     2 |       ||     2
       Blade Hands       |       |       |       |       |       |     1 |     5 ||     6
Invok: Slouch            |       |       |       |     7 |    19 |    12 |    11 ||    49
       Temporal Distorti |       |       |       |     4 |     3 |     5 |     1 ||    13
       Step From Time    |       |       |       |       |       |       |     1 ||     1
 Abil: Spit Poison       |    30 |    23 |    42 |    90 |    55 |   142 |    29 ||   411
       Stop Flying       |       |       |       |       |     1 |       |       ||     1
       Evoke Flight      |       |       |       |       |     1 |       |       ||     1
Evoke: Wand              |       |       |       |       |     2 |       |       ||     2
  Use: Scroll            |       |     3 |    10 |     6 |    24 |     9 |    13 ||    65
       Potion            |       |     1 |     3 |    13 |     1 |     3 |    11 ||    32
 Stab: Sleeping          |     1 |     1 |     1 |     2 |     2 |     8 |     2 ||    17
       Distracted        |       |       |       |       |       |     4 |     3 ||     7
       Petrified         |       |       |       |       |       |     6 |       ||     6
  Eat: Chunk             |     1 |     4 |    14 |    22 |    30 |    19 |    13 ||   103
       Beef jerky        |     1 |       |       |     1 |       |     2 |       ||     4
       Pizza             |       |       |       |       |     1 |     1 |       ||     2
       Fruit             |       |       |       |       |     1 |     4 |     2 ||     7
       Meat ration       |       |       |       |       |       |     2 |     1 ||     3
Armor: Robe              |    14 |    11 |    52 |    81 |       |       |       ||   158
       Leather armour    |       |    19 |     6 |       |       |       |       ||    25
       Chain mail        |       |       |       |    44 |    54 |       |       ||    98
       Plate armour      |       |       |       |       |   305 |       |   130 ||   435
       Ring mail         |       |       |       |       |   179 |   547 |   216 ||   942
Dodge: Dodged            |    39 |    42 |   174 |   469 |   508 |   784 |   364 ||  2380
Block: Buckler           |    10 |    18 |    91 |   239 |   477 |   109 |       ||   944
       Reflection        |       |       |       |       |    10 |    50 |   135 ||   195
       Shield            |       |       |       |       |       |  1151 |   752 ||  1903
